 Dungeon Crawl Stone Soup version 0.22-a0-348-gd16d1391c7 (webtiles) character file.

7974 Manul the Grappler (level 11, -11/89 HPs)
             Began as a Ghoul Monk on Apr 8, 2018.
             Was a Priest of Qazlal.
             Killed from afar by katzbalger's ghost (37 damage)
             ... with an orb of energy
             ... on level 10 of the Dungeon.
             The game lasted 00:15:50 (11173 turns).

Manul the Grappler (Ghoul Monk)                    Turns: 11173, Time: 00:15:50

Health: -11/89     AC: 13    Str: 19    XL:     11   Next: 23%
Magic:  10/10      EV: 13    Int:  5    God:    Qazlal [***...]
Gold:   552        SH:  9    Dex: 11    Spells: 10/10 levels left

rFire    + . .     SeeInvis .     - Unarmed
rCold    + . .     Gourm    .   e - +0 buckler
rNeg     + + +     Faith    .   r - +2 ring mail {rF+}
rPois    ∞         Spirit   .   k - +2 helmet
rElec    .         Reflect  .   y - +1 cloak
rCorr    .         Harm     .   (no gloves)
MR       ++...                  (no boots)
Stlth    +.........             (no amulet)
HPRegen  0.00/turn              f - ring of protection from magic
MPRegen  0.12/turn              o - ring of protection from magic

@: rotting
A: rotting body, claws 1, carnivore, cold resistance 1, negative energy
resistance 3, inhibited regeneration, torment resistance, unbreathing
a: Upheaval, Elemental Force, Renounce Religion


You were on level 10 of the Dungeon.
You worshipped Qazlal.
Qazlal was most pleased with you.
You were not hungry.

You visited 2 branches of the dungeon, and saw 11 of its levels.

You collected 552 gold pieces.

Inventory:

Armour
 e - a +0 buckler (worn)
 k - a +2 helmet (worn)
 p - a +0 chain mail
 r - a +2 ring mail of fire resistance (worn)
 y - a +1 cloak (worn)
Jewellery
 a - an uncursed ring of protection from fire
 f - a ring of protection from magic (left claw)
 o - a ring of protection from magic (right claw)
 B - an uncursed ring of protection from fire
Wands
 l - a wand of disintegration (7)
 s - a wand of flame (29)
 t - a wand of digging (8)
 u - a wand of enslavement (7)
Scrolls
 d - 2 scrolls of magic mapping
 g - 6 scrolls of remove curse
 m - 4 scrolls of enchant armour
 q - 3 scrolls of identify
 x - 2 scrolls of amnesia
 z - a scroll of fear
 A - 2 scrolls of fog
Potions
 c - 3 potions of flight
 j - a potion of cancellation
 w - a potion of curing
Comestibles
 b - 9 rations
 h - 8 chunks of flesh


   Skills:
 + Level 5.9 Fighting
 + Level 6.1 Armour
 + Level 6.3 Dodging
 - Level 2.5 Stealth
 + Level 6.1 Shields
 + Level 12.8 Unarmed Combat
 + Level 0.8 Evocations


You had 10 spell levels left.
You didn't know any spells.

Dungeon Overview and Level Annotations

Branches:
Dungeon (10/15)            Temple (1/1) D:7            Lair (0/6) D:8
    Orc (0/2) D:9

Altars:
Ashenzari
Cheibriados
Dithmenos
Elyvilon
Fedhas
Gozag
Hepliaklqana
Makhleb
Nemelex Xobeh
Okawaru
Qazlal
Ru
Trog
Uskayaw
Wu Jian
Xom
Yredelemnul
Zin
The Shining One
Beogh

Shops:
D:6 *

Annotations:
D:8 2 runed doors, exclusion: orange crystal statue
D:9 Mandevil's ghost, novice CeNe
D:10 katzbalger's ghost, journeyman HuCj


Innate Abilities, Weirdness & Mutations

Your body is rotting away.
You thrive on raw meat.
You are immune to poison.
You have sharp fingernails.
You are carnivorous and can eat meat at any time.
Your flesh is cold resistant. (rC+)
You are immune to negative energy. (rN+++)
You do not regenerate when monsters are visible.
You are immune to unholy pain and torment.
You can survive without breathing.


Message History

Katzbalger's ghost is heavily damaged.
Katzbalger's ghost hits you but does no damage.
You feel better. Katzbalger's ghost closely misses you.
Evoke which item? (* to show all) (? for menu, Esc to quit)
Okay, then.
Okay, then.
Okay, then.
Evoke which item? (* to show all) (? for menu, Esc to quit)
Aiming: Disintegrate
Press: ? - help, Shift-Dir - straight line, f - katzbalger's ghost
Aim: katzbalger's ghost, wielding a weapon of draining (heavily damaged, chance to defeat MR: 19%) Katzbalger's ghost resists with almost no effort.
Katzbalger's ghost points at you and mumbles some strange words.
The orb of energy hits you!
* * * LOW HITPOINT WARNING * * *
Okay, then.
Katzbalger's ghost wails.
Katzbalger's ghost casts a spell at you.
The orb of energy hits you!
You die...

############
#..........#
#.########.# #.# #.# #
#.########.########
#.##)#.........@.....#
#######
#..))..#####...#####.#
#......
#..#.#.#......W.# #.#
#.#####
..........###....# #.#
#(# .##.#.#.######.#.#
#.# #(#
#............#.# #.#
#(# ##############.#
#.# #(# ..# #.#####.#
..# #.....#)#


You could see katzbalger's ghost.

Vanquished Creatures
  A two-headed ogre (D:9)
  An unseen horror (D:10)
  Pikel (D:7)
  Prince Ribbit (D:7)
  3 hornets (D:8)
  2 hippogriffs
  Sigmund (D:3)
  A yak (D:8)
  2 hungry ghosts
  Menkaure (D:7)
  Grum (D:8)
  A water moccasin (D:8)
  A soldier ant (D:8)
  A porcupine (D:8)
  3 orc warriors
  A slave (D:7)
  A black bear (D:8)
  An ice beast (D:8)
  A sky beast (D:8)
  3 centaurs
  5 ogres
  2 wolves (D:8)
  2 phantoms
  A big kobold (D:9)
  Blork the orc (D:4)
  4 bullfrogs
  2 scorpions (D:7)
  10 killer bees (D:7)
  A howler monkey (D:4)
  4 crimson imps
  A quasit (D:10)
  A gnoll shaman (D:6)
  4 orc priests
  3 bullfrog zombies
  7 hounds
  3 jellies
  2 bullfrog skeletons (D:5)
  2 centaur skeletons (D:5)
  An iguana (D:6)
  Ijyb (D:5)
  3 orc wizards
  9 worker ants
  A hound skeleton (D:8)
  A worker ant zombie (D:5)
  10 adders
  11 gnolls
  3 shadow imps
  An adder zombie (D:7)
  2 oozes (D:2)
  An adder skeleton (D:6)
  5 worms
  2 dart slugs
  6 leopard geckos
  39 orcs
  A ball python (D:4)
  8 bats
  5 giant cockroaches
  4 goblins
  3 hobgoblins
  18 jackals
  3 quokkas
  5 frilled lizards
  14 kobolds
  4 rats
244 creatures vanquished.

Vanquished Creatures (others)
  A slave (D:7)
  An orc wizard (D:7)
  2 orcs (D:7)
  A jackal (D:10)
  11 fungi (D:8)
  4 plants (D:8)
20 creatures vanquished.

Grand Total: 264 creatures vanquished

Notes
Turn   | Place    | Note
-------+----------+-------------------------------------------
     0 | D:1      | Manul the Ghoul Monk began the quest for the Orb.
     0 | D:1      | Reached XP level 1. HP: 19/19 MP: 0/0
   104 | D:1      | Reached XP level 2. HP: 23/26 MP: 1/1
   560 | D:2      | Reached XP level 3. HP: 8/31 MP: 2/2
   880 | D:2      | Reached skill level 4 in Unarmed Combat
  1545 | D:2      | Reached XP level 4. HP: 36/40 MP: 3/3
  1917 | D:3      | Noticed Sigmund
  2426 | D:3      | Killed Sigmund
  2426 | D:3      | Reached skill level 5 in Unarmed Combat
  2426 | D:3      | Reached XP level 5. HP: 28/46 MP: 4/4
  2426 | D:3      | Reached XP level 6. HP: 31/52 MP: 5/5
  2792 | D:3      | Reached skill level 6 in Unarmed Combat
  3176 | D:4      | Noticed Blork the orc
  3186 | D:4      | Killed Blork the orc
  3186 | D:4      | Reached skill level 1 in Shields
  3186 | D:4      | Reached XP level 7. HP: 32/59 MP: 6/6
  3319 | D:4      | Found a shadowy altar of Dithmenos.
  3421 | D:4      | Reached skill level 7 in Unarmed Combat
  3470 | D:4      | Found an iron altar of Okawaru.
  3571 | D:5      | Entered Level 5 of the Dungeon
  3637 | D:5      | Reached skill level 1 in Armour
  3889 | D:5      | Reached XP level 8. HP: 46/67 MP: 7/7
  4285 | D:5      | Noticed Ijyb
  4298 | D:5      | Reached skill level 8 in Unarmed Combat
  4307 | D:5      | Killed Ijyb
  4777 | D:5      | Found a basalt altar of Yredelemnul.
  4878 | D:5      | Found a white marble altar of Elyvilon.
  5466 | D:6      | Found Tedolo's Assorted Antiques.
  5543 | D:6      | Found a basalt altar of Yredelemnul.
  5543 | D:6      | Found a glowing silver altar of Zin.
  5544 | D:6      | Found a bloodstained altar of Trog.
  5919 | D:6      | Found a shimmering altar of Xom.
  5920 | D:6      | Found a hazy altar of Hepliaklqana.
  5920 | D:6      | Noticed a death ooze
  5921 | D:6      | Noticed a death ooze
  5921 | D:6      | Noticed a spectral ugly thing
  6113 | D:7      | Reached skill level 5 in Dodging
  6113 | D:7      | Reached skill level 9 in Unarmed Combat
  6113 | D:7      | Reached XP level 9. HP: 72/72 MP: 8/8
  6665 | D:7      | Noticed Menkaure
  6675 | D:7      | Killed Menkaure
  6746 | D:7      | Noticed Pikel
  6774 | D:7      | Killed Pikel
  6774 | D:7      | Reached skill level 5 in Fighting
  6774 | D:7      | Reached skill level 10 in Unarmed Combat
  6801 | D:7      | Noticed Prince Ribbit
  6824 | D:7      | Killed Prince Ribbit
  6914 | D:7      | Reached skill level 5 in Shields
  6930 | D:7      | Found a staircase to the Ecumenical Temple.
  6939 | Temple   | Entered the Ecumenical Temple
  6996 | Temple   | Became a worshipper of Qazlal Stormbringer
  6996 | Temple   | Reached * piety under Qazlal
  6996 | Temple   | Reached ** piety under Qazlal
  7177 | D:8      | Reached XP level 10. HP: 62/80 MP: 9/9
  7221 | D:8      | Noticed Grum
  7419 | D:8      | Reached skill level 11 in Unarmed Combat
  7499 | D:8      | Reached skill level 5 in Armour
  7514 | D:8      | Killed Grum
  7945 | D:8      | Found a staircase to the Lair.
  8083 | D:8      | Found a runed door.
  8107 | D:8      | Found a runed door.
  8119 | D:8      | Noticed an orange crystal statue
  8188 | D:8      | Reached skill level 12 in Unarmed Combat
  9273 | D:8      | Found a sacrificial altar of Ru.
  9423 | D:8      | Found the +10 large shield of Ignorance {rN+ Int-4}
  9456 | D:9      | Found a staircase to the Orcish Mines.
  9535 | D:9      | Found a basalt altar of Yredelemnul.
 10044 | D:9      | Noticed a two-headed ogre
 10089 | D:9      | Killed a two-headed ogre
 10089 | D:9      | Reached XP level 11. HP: 32/89 MP: 10/10
 10712 | D:9      | Reached *** piety under Qazlal
 10725 | D:9      | Found a roughly hewn altar of Beogh.
 10772 | D:9      | Noticed Mandevil's ghost (novice CeNe)
 10902 | D:10     | Entered Level 10 of the Dungeon
 11104 | D:10     | Killed an unseen horror
 11156 | D:10     | Noticed katzbalger's ghost (journeyman HuCj)
 11173 | D:10     | Killed from afar by katzbalger's ghost

Vault maps used:
D:1:      lightli_arrival_statuegarden, minmay_heptomino_d4
D:3:      uniq_sigmund
D:4:      nicolae_dithmenos_shadow_blocks, kennysheep_okawaru_gauntlet,
          first_ration, uniq_blork_the_orc
D:5:      mumra_celtic_spiral_tile, elyvilon_altar_3, basic_altar, uniq_ijyb
D:6:      regret_index_temple_of_mockery, gammafunk_temple_overflow_forgotten,
          serial_shops, shop
D:7:      minmay_temple_entry_mist, uniq_pikel, uniq_menkaure,
          uniq_prince_ribbit1
D:8:      lemuel_coloured_pillars_altar, grunt_lair_entry_orc_guard_hut,
          hangedman_pestilent_swarm, chequers_guarded_unrand_ignorance,
          uniq_grum
D:9:      palyth_temple_overflow_mages, minmay_orc_entry_temple_small,
          yredelemnul_altar_generic
D:10:     enter_bailey_2
Temple:   zaba_magenta_temple

Skill      XL: |  1  2  3  4  5  6  7  8  9 10 11 |
---------------+----------------------------------+-----
Dodging        | 3 4 5 6 |  6.3
Unarmed Combat | 4 5 6 7 9 10 12 | 12.8
Fighting       | 4 5 |  5.9
Shields        | 1 2 3 5 6 |  6.1
Armour         | 1 3 4 5 6 |  6.1
Stealth        | |  2.5
Evocations     | |  0.8

Action                   |  1- 3 |  4- 6 |  7- 9 | 10-12 || total
-------------------------+-------+-------+-------+-------++-------
Melee: Unarmed           |   111 |   132 |   426 |   377 ||  1046
       Punch             |     4 |     1 |       |       ||     5
Evoke: Wand              |       |     1 |       |     9 ||    10
  Use: Scroll            |     2 |       |     7 |     8 ||    17
       Potion            |       |     5 |     1 |     4 ||    10
 Stab: Sleeping          |     5 |       |       |       ||     5
  Eat: Chunk             |     2 |    10 |     9 |    15 ||    36
       Ration            |       |       |       |     1 ||     1
Armor: Robe              |    25 |    21 |       |       ||    46
       Ring mail         |       |    12 |   138 |   111 ||   261
Dodge: Dodged            |    83 |    72 |   223 |   170 ||   548
Block: Buckler           |       |     8 |    70 |   124 ||   202

Table legend:
 A = Spawn XP
 B = Non-spawn XP
 C = Spawn XP percentage of total XP
 D = Spawn monster count
 E = Non-spawn monster count
 F = Spawn count percentage of total count
 G = Total turns spent on level
                    A         B        C        D         E        F      G
               +---------+---------+-------+---------+---------+-------+---------
         Total |       0 |   11392 |   0.0 |       0 |     243 |   0.0 | 11173
               +---------+---------+-------+---------+---------+-------+---------
           D:1 |       0 |      20 |   0.0 |       0 |      11 |   0.0 |   460
           D:2 |       0 |      89 |   0.0 |       0 |      26 |   0.0 |  1621
           D:3 |       0 |     340 |   0.0 |       0 |      23 |   0.0 |   947
           D:4 |       0 |     479 |   0.0 |       0 |      24 |   0.0 |   708
           D:5 |       0 |     744 |   0.0 |       0 |      28 |   0.0 |  1520
           D:6 |       0 |     598 |   0.0 |       0 |      24 |   0.0 |   847
           D:7 |       0 |    2313 |   0.0 |       0 |      32 |   0.0 |   993
           D:8 |       0 |    3768 |   0.0 |       0 |      37 |   0.0 |  2532
           D:9 |       0 |    1556 |   0.0 |       0 |      24 |   0.0 |  1199
          D:10 |       0 |    1485 |   0.0 |       0 |      14 |   0.0 |   271
               +---------+---------+-------+---------+---------+-------+---------
